 Dungeon Crawl Stone Soup version 0.21-a0-78-g82a99e0 (webtiles) character file.

529 Manul the Ducker (level 7, -1/41 HPs)
             Began as a Tengu Gladiator on June 22, 2017.
             Killed by nerve-wracking pain
             ... invoked by Grinder
              (8 damage)
             ... on level 5 of the Dungeon.
             The game lasted 00:04:51 (4129 turns).

Manul the Ducker (Tengu Gladiator)                  Turns: 4129, Time: 00:04:52

Health: -1/41      AC:  8    Str: 14    XL:     7   Next: 23%
Magic:  8/8        EV: 24    Int:  9    God:
Gold:   135        SH:  2    Dex: 22    Spells: 6/6 levels left

rFire    + . .     SeeInvis .   o - +2 dagger (venom)
rCold    . . .     Gourm    .   (no shield)
rNeg     . . .     Faith    .   l - +3 leather armour
rPois    .         Spirit   .   c - +0 hat
rElec    .         Reflect  +   y - +0 cloak
rCorr    .         Harm     .   e - +0 pair of gloves
MR       .....                  (boots unavailable)
Stlth    ++++......             u - +2 amulet of reflection
HPRegen  0.13/turn              j - ring of protection from fire
MPRegen  0.11/turn              (no ring)

@: agile, flying quickly and evasively, quick
A: beak, talons 3, able to fly 1
a: no special abilities


You were on level 5 of the Dungeon.
You were not hungry.

You visited 1 branch of the dungeon, and saw 5 of its levels.

You collected 135 gold pieces.

Inventory:

Hand Weapons
 a - a +0 long sword
 o - a +2 dagger of venom (weapon)
 q - a +0 short sword of venom
Missiles
 d - 3 throwing nets (quivered)
Armour
 b - a +0 leather armour
 c - a +0 hat (worn)
 e - a +0 pair of gloves (worn)
 l - a +3 leather armour (worn)
 y - a +0 cloak (worn)
Jewellery
 j - a ring of protection from fire (left hand)
 u - a +2 amulet of reflection (around neck)
Scrolls
 k - 3 scrolls of teleportation {unknown}
 n - 2 scrolls of identify {unknown}
 p - a scroll of remove curse
 s - a scroll of immolation
Potions
 m - a potion of might {unknown}
 r - a potion of flight {unknown}
 t - 3 potions of haste {unknown}
 x - a potion of ambrosia {unknown}
 z - a potion of mutation {unknown}
 A - 2 potions of heal wounds {unknown}
Books
 v - a book of Minor Magic

   Spells                             Type                      Level
   a - Magic Dart                     Conjuration                  1
   b - Blink                          Translocation                2
   c - Call Imp                       Summoning                    2
   d - Slow                           Hexes                        2
   e - Conjure Flame                  Conjuration/Fire             3
   f - Mephitic Cloud                 Conjuration/Poison/Air       3
Comestibles
 f - 2 bread rations
 g - 4 fruits
 h - 3 meat rations
 i - a royal jelly
 B - 2 chunks of flesh


   Skills:
 + Level 3.3 Fighting
 - Level 1.2(2.9) Short Blades
 + Level 4.1(4.2) Long Blades
 + Level 2.3 Throwing
 + Level 3.5 Armour
 + Level 4.8 Dodging
 + Level 4.0 Stealth


You had 6 spell levels left.
You didn't know any spells.

Dungeon Overview and Level Annotations

Branches:
Dungeon (5/15)
 Temple: D:4-7

Altars:
Cheibriados
Dithmenos
Nemelex Xobeh
Yredelemnul
The Shining One

Annotations:
D:4 dricus's ghost, weakling CeHu
D:5 Grinder


Innate Abilities, Weirdness & Mutations

You have a beak for a mouth.
You have claws for feet.
You can fly.


Message History

There are monsters nearby!
Grinder misses you.
You fly downwards.
There is a stone staircase leading up here.
It was a potion of agility.
You feel agile all of a sudden.
The orc priest looks satisfied for a moment.
Grinder closely misses you. The crimson imp puffs mist at you.
The crimson imp blinks!
As you read the scroll labeled MUEDO KOUJIPP, it crumbles to dust.
You feel blessed for a moment.
It was a scroll of remove curse.
Grinder gestures at you. You resist with significant effort.
As you read the scroll labeled PUYRUI LOFFAIL, it crumbles to dust.
The creatures around you are filled with an inner flame!
It was a scroll of immolation.
Grinder gestures at you. Pain shoots through your body!
You die...

.##....................####
....................##....#
.#..................#####.#
.#........>.........# #.###
..##....####........# #...## ..
###......##......# #..o.#
..#####.........5)..#####..#.##
....................#...)..#..###
...####..[......@ยง..o.#.#####...#
##.........5...#.#.# ###.#
#...........####...# #.o
#...........# #....# ##.
#.#...#.###.# #..#5.## ##
#.#.........# #.###....#
##.......##### ..# ###...##
#.......## ..# #... ##.###### ##..


You could see Grinder (inner flame), an orc priest (inner flame) and a crimson
imp (inner flame).

Vanquished Creatures
  An ogre (D:5)
  A scorpion (D:3)
  An orc priest (D:3)
  An orc wizard (D:3)
  A bullfrog skeleton (D:4)
  3 worker ants
  Natasha (thrice) (D:2)
  6 adders
  An ooze (D:2)
  A worm (D:2)
  3 dart slugs
  4 leopard geckos
  11 orcs
  A ball python (D:3)
  2 giant cockroaches (D:1)
  10 goblins
  7 hobgoblins
  2 jackals (D:2)
  8 kobolds
  2 quokkas (D:3)
  8 bats
  2 frilled lizards
  12 rats
91 creatures vanquished.

Notes
Turn   | Place    | Note
-------+----------+-------------------------------------------
     0 | D:1      | Manul the Tengu Gladiator began the quest for the Orb.
     0 | D:1      | Reached XP level 1. HP: 12/12 MP: 2/2
   154 | D:1      | Reached XP level 2. HP: 16/17 MP: 3/3
   743 | D:1      | Reached XP level 3. HP: 19/21 MP: 4/4
  1088 | D:2      | Found a basalt altar of Yredelemnul.
  1091 | D:2      | Noticed a profane servitor
  1097 | D:2      | Found a glowing golden altar of the Shining One.
  1099 | D:2      | Noticed an angel
  1264 | D:2      | Noticed Natasha
  1270 | D:2      | Killed Natasha
  1270 | D:2      | Reached skill level 1 in Armour
  1270 | D:2      | Reached XP level 4. HP: 15/27 MP: 5/5
  1511 | D:2      | Reached skill level 1 in Stealth
  1641 | D:2      | Reached skill level 1 in Short Blades
  1764 | D:2      | Noticed Natasha
  1773 | D:2      | Killed Natasha
  1773 | D:2      | Gained mutation: You can fly. [Tengu growth]
  1773 | D:2      | Reached XP level 5. HP: 14/31 MP: 6/6
  2179 | D:3      | Found a sparkling altar of Nemelex Xobeh.
  2546 | D:3      | Reached XP level 6. HP: 16/36 MP: 7/7
  2945 | D:2      | Noticed Natasha
  2953 | D:2      | Killed Natasha
  3432 | D:4      | Found a snail-covered altar of Cheibriados.
  3450 | D:4      | Noticed dricus's ghost (weakling CeHu)
  3757 | D:4      | Found a shadowy altar of Dithmenos.
  3812 | D:5      | Entered Level 5 of the Dungeon
  4062 | D:5      | Reached XP level 7. HP: 41/41 MP: 8/8
  4124 | D:4      | Noticed Grinder
  4129 | D:5      | Killed from afar by Grinder

Vault maps used:
D:1:      dpeg_arrival_orchard, minmay_misc_feat_four_crosses, st_stairs_1,
          grunt_decor_one_mirror
D:2:      kennysheep_the_goblin_king, grunt_temple_overflow_holy_war,
          first_bread, uniq_natasha
D:3:      nemelex_xobeh_ov_fountains_minmay
D:4:      cheibriados_altar_1, marbit_many_paths, minmay_temple_entry_overgrown,
          uniq_grinder
D:5:      nicolae_gozag_zags_fifth_avenue, elyvilon_altar_1, uniq_duvessa

Skill      XL: |  1  2  3  4  5  6  7 |
---------------+----------------------+-----
Long Blades    | 4 |  4.1
Armour         | 1 2 3 |  3.5
Stealth        | 1 2 3 4 |  4.0
Short Blades   | 1 |  1.2
Dodging        | 4 |  4.8
Fighting       | 3 |  3.3
Throwing       | |  2.3

Action                   |  1- 3 |  4- 6 |  7- 9 || total
-------------------------+-------+-------+-------++-------
Melee: Long sword        |    28 |       |       ||    28
       Kick              |    21 |    56 |       ||    77
       Peck              |    14 |    26 |     1 ||    41
       Dagger            |    53 |   138 |     3 ||   194
       Short sword       |       |     6 |       ||     6
 Abil: Fly               |       |     5 |     1 ||     6
  Use: Potion            |       |     2 |     1 ||     3
       Scroll            |       |       |     2 ||     2
 Stab: Sleeping          |     6 |     5 |       ||    11
       Distracted        |       |     1 |       ||     1
  Eat: Chunk             |     1 |     8 |     2 ||    11
Armor: Leather armour    |    24 |    25 |       ||    49
Dodge: Dodged            |    40 |    82 |     4 ||   126
Block: Other             |       |     3 |       ||     3
       Rpst.: Long sword |     5 |       |       ||     5
